 Dungeon Crawl Stone Soup version 0.25-a0-707-g603da076d2 (webtiles) character file.

Game seed: 10190185000061170653, levelgen mode: deterministic

64 sanka the Scratcher (level 3, 0/16 HPs)
             Began as a Felid Wanderer on Apr 4, 2020.
             Was an Initiate of Okawaru.
             Slain by a bat (1 damage)
             ... on level 2 of the Dungeon.
             The game lasted 00:04:45 (2386 turns).

sanka the Scratcher (Felid Wanderer)                Turns: 2386, Time: 00:04:46

Health: 0/16       AC:  1    Str: 12    XL:     3   Next: 91%
Magic:  7/7        EV: 16    Int: 11    God:    Okawaru [......]
Gold:   123        SH:  0    Dex: 14    Spells: 2/6 levels left
                                        Lives:  0   Deaths: 0

rFire    . . .     SeeInvis +     - Unarmed
rCold    . . .     Gourm    .   (shield unavailable)
rNeg     . . .     Faith    .   (armour unavailable)
rPois    .         Spirit   .   (helmet unavailable)
rElec    .         Reflect  .   (cloak unavailable)
rCorr    .         Harm     .   (gloves unavailable)
MR       .....                  (boots unavailable)
Stlth    ++........             (no amulet)
HPRegen  0.05/turn              (no ring)
MPRegen  0.10/turn              (no ring)

@: lightly drained, quick
A: very small, no armour, no weapons or thrown items, stealth, claws 1, fangs 3,
see invisible, carnivore, speed 1, shaggy fur 1, slow metabolism 1, sharp paws
a: Renounce Religion


You were on level 2 of the Dungeon.
You worshipped Okawaru.
Okawaru was noncommittal.
You were completely stuffed.

You visited 1 branch of the dungeon, and saw 3 of its levels.

You collected 123 gold pieces.


Innate Abilities, Weirdness & Mutations

You cannot wear armour.
You are incapable of wielding weapons or throwing items.
Your paws allow you to move quietly. (Stealth)
You have sharp claws.
You have razor-sharp teeth.
You have supernaturally acute eyesight. (SInv)
You are carnivorous and can eat meat at any time.
You cover ground quickly.
You are covered in fur. (AC +1)
You have a slow metabolism.
Your sharp claws are effective at attacking unaware monsters.


   Skills:
 - Level 2.0(1.9) Fighting
 - Level 1.3 Dodging
 - Level 2.9 Unarmed Combat
 - Level 2.0(1.9) Spellcasting
   Level 1.5(1.4) Hexes
 + Level 1.7(1.6) Air Magic
 + Level 1.6(1.5) Poison Magic
 - Level 2.1 Evocations


You had 2 spell levels left.
You knew the following spells:

 Your Spells              Type           Power        Failure   Level  Hunger
z - Poisonous Vapours     Pois/Air       #.....       22%         2    ###....
Z - Corpse Rot            Necr/Air       N/A          32%         2    ###....

Your spell library contained the following spells:

 Spells                   Type           Power        Failure   Level  Hunger


Inventory:

Wands
 a - a wand of flame (15)
Scrolls
 b - 2 scrolls of teleportation {unknown}
 g - 2 scrolls of identify {unknown}
Potions
 c - 2 potions of curing {@q1}
 e - a potion of lignification {unknown}
 f - 2 potions of ambrosia {unknown}
 h - a potion of cancellation {unknown}
Comestibles
 d - 3 rations
 i - 2 chunks of flesh

Dungeon Overview and Level Annotations

Branches:
Dungeon (3/15)

Altars:
Okawaru

▒▒▒▒▒▒▒▒▒ ▒▒▒.......▒
▒...▒▒▒▒▒.▒
▒.▒....▒▒.▒▒▒▒▒▒▒▒▒▒
▒..>▒▒.............▒
▒▒..▒▒▒▒▒.▒▒▒▒▒▒▒▒.▒
▒..▒▒▒▒▒.▒ ▒.▒ ▒..rhbh..▒
▒.▒ ▒.▒▒▒▒▒▒▒▒ ▒.▒▒▒ ▒.▒
▒...▒ ▒▒▒▒.▒▒▒▒▒▒▒▒▒▒▒▒▒
▒▒▒.▒ ▒.......▒▒.......▒
▒▒▒▒▒
▒.▒▒.▒▒.▒▒.......▒▒▒▒▒▒...
▒.▒▒..▒.▒▒.......▒▒..>▒...
▒.▒▒▒.▒.▒▒.......▒▒.▒▒▒...
▒▒▒▒▒.▒▒▒.▒.▒▒.......▒▒.▒
▒'▒'


You could see a jackal, a bat and a rat.


Message History

Unknown command.
You closely miss the jackal. The bat closely misses you. The bat hits you.
* * * LOW HITPOINT WARNING * * *
The jackal completely misses you. The jackal closely misses you.
The rat barely misses you. The jackal misses you. The bat closely misses you.
The bat misses you. The jackal closely misses you. The bat hits you.
* * * LOW HITPOINT WARNING * * *
The bat misses you. The bat hits you but does no damage.
The bat barely misses you. The bat misses you. The bat completely misses you.
You closely miss the bat. The bat completely misses you. The bat misses you.
You miss the bat. Your bite misses the bat. The bat hits you.
* * * LOW HITPOINT WARNING * * *
You scratch the bat but do no damage. Your bite misses the bat.
The bat hits you.
You die...

Action                   || total
-------------------------++-------
Melee: Unarmed           ||    97
       Bite              ||     5
 Cast: Poisonous Vapours ||    11
  Eat: Chunk             ||    12
Armor: Skin              ||    12
Dodge: Dodged            ||   129

Levels and vault maps discovered:
D:1:      lightli_arrival_quake, layout_rooms
D:2:      layout_loops_cross, okawaru_gym_becter,
          chequers_ecumenical_altar_island, kennysheep_cluttered_room,
          cheibrodos_gnoll_hut
D:3:      minmay_angry_zag, layout_basic, nicolae_qazlal_general_emergency,
          first_ration, portal_sewer_entry_d

Notes
Turn   | Place    | Note
-------+----------+-------------------------------------------
     0 | D:1      | sanka the Felid Wanderer began the quest for the Orb.
     0 | D:1      | sanka set off with the following items: a wand of flame
                  | (15), a potion of curing {@q1}, a ration; and the following
                  | spells available to memorise: Corpse Rot, Poisonous Vapours
     0 | D:1      | Reached XP level 1. HP: 9/9 MP: 4/4
   411 | D:1      | Reached XP level 2. HP: 13/13 MP: 6/6
   449 | D:1      | Learned a level 2 spell: Corpse Rot
   452 | D:1      | Learned a level 2 spell: Poisonous Vapours
  1214 | D:2      | Found an iron altar of Okawaru.
  1222 | D:2      | Became a worshipper of Warmaster Okawaru
  1269 | D:2      | Reached skill level 1 in Air Magic
  1269 | D:2      | Reached skill level 1 in Poison Magic
  1269 | D:2      | Reached XP level 3. HP: 16/16 MP: 1/7
  1462 | D:2      | Found a faded altar of an unknown god.
  2385 | D:2      | HP: 1/16 [bat (1)]
  2386 | D:2      | Slain by a bat

Vanquished Creatures
  A gnoll (D:2)
  2 adders (D:2)
  A worm (D:2)
  3 leopard geckos
  A ball python (D:2)
  3 hobgoblins
  2 jackals (D:2)
  4 kobolds
  9 bats
  2 frilled lizards
  3 goblins
  A rat (D:2)
32 creatures vanquished.
